 Dungeon Crawl Stone Soup version 0.30-a0-341-g682706514a (webtiles) character file.

Game seed: 15203780785591041997

75 ytrimaz the Trooper (level 4, 0/35 (38) HPs)
             Began as a Formicid Fighter on Nov 3, 2022.
             Slain by an orc
             ... wielding a +1 mace of draining
              (3 damage)
             ... on level 2 of the Dungeon.
             The game lasted 00:02:21 (1878 turns).

ytrimaz the Trooper (Formicid Fighter)              Turns: 1878, Time: 00:02:22

HP:   0/35 (38)     AC:  6    Str: 23    XL:     4   Next: 55%
MP:   4/4           EV:  9    Int:  7    God:
Gold: 104           SH:  5    Dex: 13    Spells: 3/3 levels left

rFire   . . .      SeeInvis +    a - +1 war axe
rCold   . . .      Faith    .    c - +0 buckler
rNeg    . . .      Spirit   .    b - +0 scale mail
rPois   .          Reflect  .    (helmet unavailable)
rElec   .          Harm     .    (no cloak)
rCorr   .          Rampage  .    (no gloves)
Will    .....                    (no boots)
Stlth   ..........               (no amulet)
HPRegen 0.25/turn                (no ring)
MPRegen 0.09/turn                (no ring)

@: mighty, drained
A: permanent stasis, dig shafts and tunnels, antennae 3, four strong arms
a: Dig, Shaft Self


You were on level 2 of the Dungeon.
You visited 1 branch of the dungeon, and saw 3 of its levels.

You collected 104 gold pieces.


Innate Abilities, Weirdness & Mutations

You cannot be hasted, slowed, berserked, paralysed or teleported.
You can dig through walls and to a lower floor.
You have a pair of large antennae on your head. (SInv)
Your four strong arms can wield two-handed weapons with a shield.


   Skills:
 * Level 4.9 Fighting
 + Level 2.9 Axes
 - Level 3.2 Armour
 - Level 4.0 Shields


You had 3 spell levels left.
You didn't know any spells.
Your spell library was empty.

Inventory:

Hand Weapons
 a - a +1 war axe (weapon)
Missiles
 f - 4 javelins
 k - 4 poisoned darts
Armour
 b - a +0 scale mail (worn)
 c - a +0 buckler (worn)
Scrolls
 i - a scroll of poison
Potions
 e - a potion of curing
 g - 2 potions of lignification
 l - a potion of resistance {unknown}

Dungeon Overview and Level Annotations

Branches:
Dungeon (3/15) Zot: 16063

Altars:
Xom

###############
#.............####
#.######..........
####'## #..........
#.....#####..........
#.....#...........#..
#.....#..........##..
#..†..#..........##.#
#..o@.#..........##.#
#....)#.............#
#...................#
#....................
#....................
###
#....#...###...##....
#<#
#....###..##.........
#.#
#....(...........(...
#.#
#...#)...............


You could see an orc.


Message History

You barely miss the orc. You barely miss the endoplasm.
The orc hits you but does no damage. The endoplasm freezes you.
You are frozen.
The endoplasm hits you.
The orc hits you but does no damage. 😕 HP[-4]
You take 4 damage, and now have 31/38 hp.
You hit the orc but do no damage. You slash the endoplasm!
You kill the endoplasm!
The orc hits you with a +0 falchion. 😮 HP[-4]
You take 4 damage, and now have 27/38 hp.
You are too injured to fight recklessly!
You are too injured to fight recklessly!
You are too injured to fight recklessly!
You are too injured to fight recklessly!
You are too injured to fight recklessly!
You are too injured to fight recklessly!
You are too injured to fight recklessly!
You are too injured to fight recklessly!
You are too injured to fight recklessly!
You are too injured to fight recklessly!
You are too injured to fight recklessly!
You are too injured to fight recklessly!
You are too injured to fight recklessly!
You hit the orc but do no damage.
The orc hits you with a +0 falchion. 😮 HP[-2]
You take 2 damage, and now have 25/38 hp.
Unknown command.
You barely miss the orc. The orc barely misses you.
The orc hits you with a +0 falchion. 😮 HP[-2]
You take 2 damage, and now have 23/38 hp.
You hit the orc.
You kill the orc! 😮 HP[+1]
You see here a +0 falchion.
An orc priest and 2 orcs come into view.
An orc is wielding a +1 mace of draining.
The orc shouts!
The orc priest shouts!
The orc shouts!
There are monsters nearby!
There are monsters nearby!
You are too injured to fight recklessly!
Okay, then.
A frilled lizard comes into view. 😮 HP[+1]
You see here a +0 falchion.
There is a stone staircase leading up, spattered with blood here.
The frilled lizard hisses angrily.
You climb upwards.
There is a stone staircase leading down here. 😮 HP[+1]
You start resting. 😎 HP[+12]
Your hp is fully restored (38).
Unknown command.
You feel very mighty all of a sudden.
You climb downwards.
The orc barely misses you. The frilled lizard bites you.
The orc hits you with a +1 mace of draining!
You feel drained.
The orc priest invokes the aid of Beogh against you.
Pain shoots through your body!
* * * LOW HITPOINT WARNING * * *
An orc comes into view.
It is wielding a +0 mace and quivering silver boomerangs.
You block the orc's attack.
The orc hits you with a +1 mace of draining.
* * * LOW HITPOINT WARNING * * *
You feel drained.
The frilled lizard bites you but does no damage.
There is a stone staircase leading up, spattered with blood here. 😱 HP[-32]
You now have 35 max hp (-3).
You take 32 damage, and now have 6/35 hp.
MASSIVE DAMAGE!! (PAUSE)
The orc shouts!
The orc hits you with a +0 flail.
* * * LOW HITPOINT WARNING * * *
The frilled lizard hisses.
The frilled lizard bites you but does no damage.
You block the orc's attack.
You climb upwards.
There is a stone staircase leading down here.
Unknown command.
You slash the orc!
You kill the orc!
You hit the orc. You slash the frilled lizard!
You kill the frilled lizard!
The orc barely misses you.
You now have 36 max hp (+1).
Unknown command.
You closely miss the orc.
The orc hits you with a +1 mace of draining.
* * * LOW HITPOINT WARNING * * *
You feel drained.
* * * LOW HITPOINT WARNING * * *
😱 HP[-3]
You now have 35 max hp (-1).
You take 3 damage, and now have 3/35 hp.
You barely miss the orc.
The orc hits you with a +1 mace of draining.
You die...

Skill      XL: |  1  2 |
---------------+-------+-----
Fighting       | 4 |  4.9
Axes           | |  2.9
Armour         | |  3.2
Shields        | |  4.0

Action                   |  1- 3 |  4- 6 || total
-------------------------+-------+-------++-------
Melee: War axe           |    80 |    56 ||   136
  Use: Scroll            |     5 |     3 ||     8
       Potion            |       |     1 ||     1
Armor: Scale mail        |    38 |    37 ||    75
Dodge: Dodged            |    36 |    25 ||    61
Block: Buckler           |    23 |    12 ||    35

Levels and vault maps discovered:
D:1:      dpeg_chamrin_arrival_tetris, layout_basic,
          hellmonk_ecumenical_altar_pennies_from_heaven, palyth_stone_intersect
D:2:      minmay_angry_zag, layout_basic, basic_altar, dk_vineyard_3,
          wander_ebering_terrifying_dragon_lair
D:3:      layout_basic, serial_shops, shop, hex_intersection, uniq_jessica,
          uniq_natasha, uniq_crazy_yiuf_cottage

Notes
Turn   | Place    | Note
-------+----------+-------------------------------------------
     0 | D:1      | ytrimaz the Formicid Fighter began the quest for the Orb.
     0 | D:1      | Reached XP level 1. HP: 18/18 MP: 1/1
     0 | D:1      | magus.rc [v1.9.6]
   216 | D:1      | Reached XP level 2. HP: 25/25 MP: 2/2
   306 | D:1      | Found a faded altar of an unknown god.
   562 | D:1      | Reached skill level 4 in Fighting
   634 | D:1      | Reached XP level 3. HP: 30/30 MP: 3/3
  1220 | D:2      | Found a shimmering altar of Xom.
  1276 | D:2      | Reached XP level 4. HP: 37/38 MP: 4/4
  1873 | D:3      | HP: 6/37 [orc/+1 mace of draining (4)]
  1878 | D:2      | Slain by an orc

Vanquished Creatures
  2 adders (D:2)
  A worm (D:2)
  A dart slug (D:1)
  2 orcs
  6 ball pythons
  7 endoplasms
  2 giant cockroaches (D:2)
  4 goblins
  4 hobgoblins
  7 kobolds
  A quokka (D:2)
  2 bats
  5 frilled lizards (D:2)
  7 rats
51 creatures vanquished.

Table legend:
 A = Non-vault XP
 B = Vault XP
 C = Vault XP percentage of total XP
 D = Non-vault monster count
 E = Vault monster count
 F = Vault count percentage of total count
                 A         B        C        D         E       F
            +---------+---------+-------+---------+---------+-------
      Total |      86 |      22 |  20.4 |      45 |       6 |  11.8
            +---------+---------+-------+---------+---------+-------
        D:1 |      32 |       0 |   0.0 |      20 |       0 |   0.0
        D:2 |      48 |      22 |  31.4 |      22 |       6 |  21.4
        D:3 |       6 |       0 |   0.0 |       3 |       0 |   0.0
            +---------+---------+-------+---------+---------+-------

Illustrated notes

Table legend:
 A = Kills in this place as a percentage of kills in entire the game.
 B = Kills by you in this place as a percentage of kills by you in the entire game.
 C = Kills by friends in this place as a percentage of kills by friends in the entire game.
 D = Other kills in this place as a percentage of other kills in the entire game.
 E = Experience gained in this place as a percentage of experience gained in the entire game.
 F = Experience gained in this place divided by the number of levels of this place that you have seen.
                   A       B       C       D       E      F
               +-------+-------+-------+-------+-------+----------------------
         Total | 100.0 | 100.0 |   N/A |   N/A | 100.0 |  36.0
       Dungeon | 100.0 | 100.0 |   N/A |   N/A | 100.0 |  36.0
               +-------+-------+-------+-------+-------+----------------------

Table legend: (Time is in decaauts)
 A = Elapsed time spent in this place.
 B = Non-inter-level travel time spent in this place.
 C = Inter-level travel time spent in this place.
 D = Time resting spent in this place.
 E = Time spent auto-exploring this place.
 F = Levels seen in this place.
 G = Mean time per level.
                   A        B        C        D        E       F      G
               +--------+--------+--------+--------+--------+-----+--------+
         Total |   1934 |   1888 |     46 |    145 |   1313 |   3 |  644.7 |
       Dungeon |   1934 |   1888 |     46 |    145 |   1313 |   3 |  644.7 |
               +--------+--------+--------+--------+--------+-----+--------+

Top non-repeatable levels by time:
     D:1: 1065 daAuts
     D:2: 843 daAuts
     D:3: 25 daAuts
